 Dungeon Crawl Stone Soup version 0.30-a0-743-gbfdf073431 (webtiles) character file.

Game seed: 11244897962899695288

108 kingofthe the Poker (level 4, 0/35 HPs)
             Began as a Merfolk Fighter on Feb 5, 2023.
             Slain by an ogre
             ... wielding a +0 giant club
              (23 damage)
             ... on level 4 of the Dungeon.
             The game lasted 00:04:58 (1558 turns).

kingofthe the Poker (Merfolk Fighter)               Turns: 1558, Time: 00:04:59

Health: 0/35       AC:  6    Str: 16    XL:     4   Next: 87%
Magic:  4/4        EV: 11    Int: 13    God:
Gold:   107        SH: 10    Dex: 15    Spells: 3/3 levels left

rFire   . . .      SeeInvis .    u - +0 hand axe (elec)
rCold   . . .      Faith    .    c - +0 buckler
rNeg    . . .      Spirit   .    o - +0 ring mail
rPois   .          Reflect  +    (no helmet)
rElec   .          Harm     .    (no cloak)
rCorr   .          Rampage  .    (no gloves)
Will    .....                    g - +0 pair of boots
Stlth   ++                       n - amulet of reflection
HPRegen 0.25/turn                s - +6 ring of intelligence
MPRegen 0.09/turn                (no ring)

@: no status effects
A: (nimble swimmer 2), mertail
a: no special abilities


You were on level 4 of the Dungeon.
You visited 1 branch of the dungeon, and saw 4 of its levels.

You collected 107 gold pieces.

Inventory:

Hand Weapons
 a - a +0 trident
 b - a +0 sling
 u - a +0 hand axe of electrocution (weapon)
Armour
 c - a +0 buckler (worn)
 g - a +0 pair of boots (worn)
 o - a +0 ring mail (worn)
Jewellery
 n - an amulet of reflection (around neck)
 s - a +6 ring of intelligence (left hand)
Wands
 t - a wand of flame (3)
Scrolls
 h - a scroll of blinking {unknown}
 i - 2 scrolls of identify {unknown}
 l - a scroll of teleportation {unknown}
 p - a scroll of immolation {unknown}
 r - 2 scrolls of amnesia {unknown}
Potions
 d - a potion of might
 e - a potion of brilliance {unknown}
 f - a potion of mutation {unknown}
 j - 2 potions of curing {unknown}
 k - 3 potions of flight {unknown}
 m - a potion of degeneration {unknown}
 q - a potion of lignification {unknown}
 v - a potion of heal wounds {unknown}


   Skills:
 - Level 3.2 Fighting
 + Level 4.3 Polearms
 - Level 2.1 Armour
 + Level 3.0 Dodging
 + Level 2.8 Stealth
 - Level 3.0 Shields


You had 3 spell levels left.
You didn't know any spells.
Your spell library was empty.

Dungeon Overview and Level Annotations

Branches:
Dungeon (4/15)
 Temple: D:4-7

Altars:
Ashenzari
Fedhas
Okawaru
Sif Muna


Innate Abilities, Weirdness & Mutations

((You are very nimble when in or above water. (Stealth+, EV+, Speed+++)))
Your lower body shifts to a powerful aquatic tail in water.


Message History

An adder comes into view.
You shoot a sling bullet. The sling bullet hits the adder.
The adder hisses angrily.
The adder is moderately wounded.
a - a +0 trident (weapon)
The adder bites you but does no damage.
You puncture the adder!
You kill the adder!
No target in view!
b - a +0 sling (weapon)
You see here an adder corpse.
An ogre comes into view. It is wielding a +0 giant club.
You shoot a sling bullet. The sling bullet hits the ogre.
The ogre shouts!
The ogre is lightly wounded.
You shoot a sling bullet. The sling bullet hits the ogre.
The ogre is moderately wounded.
You shoot a sling bullet.
The sling bullet barely misses the ogre.
a - a +0 trident (weapon)
You reach to attack!
You hit the ogre but do no damage.
The ogre is moderately wounded.
You barely miss the ogre.
The ogre is moderately wounded.
You block the ogre's attack.
You hear the crackle of electricity.
u - a +0 hand axe of electrocution (weapon)
You block the ogre's attack.
You hit the ogre but do no damage.
The ogre is lightly wounded.
A hobgoblin comes into view.
The hobgoblin shouts!
You slash the ogre!
The ogre is heavily wounded.
The ogre hits you with a +0 giant club!
You hit the ogre.
The ogre is heavily wounded.
The ogre hits you with a +0 giant club!!
Ouch! That really hurt!
You die...

.###############
..g...O@.......#
.#############.#
.......<# #.#
#######.#
#.#######
#.###†.......
#...........#
###########.#


You could see an ogre and a hobgoblin.

Vanquished Creatures
  5 adders
  2 worms (D:2)
  2 orcs (D:3)
  5 ball pythons
  8 bats
  An endoplasm (D:2)
  2 giant cockroaches (D:1)
  A hobgoblin (D:2)
  7 jackals
  4 quokkas
  4 frilled lizards
  4 goblins
  5 kobolds
  4 rats
54 creatures vanquished.

Notes
Turn   | Place    | Note
-------+----------+-------------------------------------------
     0 | D:1      | kingofthe the Merfolk Fighter began the quest for the Orb.
     0 | D:1      | Reached XP level 1. HP: 18/18 MP: 1/1
    40 | D:1      | Reached skill level 3 in Polearms
    40 | D:1      | Reached skill level 1 in Dodging
    87 | D:1      | Reached skill level 1 in Stealth
    87 | D:1      | Reached XP level 2. HP: 24/24 MP: 2/2
   552 | D:2      | Reached XP level 3. HP: 29/29 MP: 3/3
  1008 | D:3      | Reached XP level 4. HP: 35/35 MP: 4/4
  1036 | D:3      | Found a shimmering blue altar of Sif Muna.
  1043 | D:3      | Found a blossoming altar of Fedhas.
  1053 | D:3      | Found a broken altar of Ashenzari.
  1056 | D:3      | Found an iron altar of Okawaru.
  1144 | D:3      | Reached skill level 4 in Polearms
  1548 | D:4      | Noticed an ogre
  1558 | D:4      | Slain by an ogre

Illustrated notes

Levels and vault maps discovered:
D:1:      grunt_arrival_lava_bath, layout_basic
D:2:      layout_rooms
D:3:      layout_rooms, grunt_temple_overflow_cloverleaf
D:4:      layout_loops_ring, chequers_arboretum, saegor_snake_ambush

Skill      XL: |  1  2  3  4 |
---------------+-------------+-----
Polearms       | 3 4 |  4.3
Dodging        | 1 2 3 |  3.0
Stealth        | 1 2 |  2.8
Fighting       | |  3.2
Armour         | |  2.1
Shields        | |  3.0

Action                     |  1- 3 |  4- 6 || total
---------------------------+-------+-------++-------
  Melee: Trident           |   115 |    56 ||   171
         Hand axe          |       |     4 ||     4
   Fire: Sling             |       |     6 ||     6
   Stab: Sleeping          |     1 |       ||     1
 Armour: Scale mail        |    29 |       ||    29
         Ring mail         |     4 |     7 ||    11
  Dodge: Dodged            |    39 |    20 ||    59
  Block: Buckler           |    28 |    26 ||    54
         Reflection        |       |     2 ||     2

Table legend: (Time is in decaauts)
 A = Elapsed time spent in this place.
 B = Non-inter-level travel time spent in this place.
 C = Inter-level travel time spent in this place.
 D = Time resting spent in this place.
 E = Time spent auto-exploring this place.
 F = Levels seen in this place.
 G = Mean time per level.
                   A        B        C        D        E       F      G
               +--------+--------+--------+--------+--------+-----+--------+
         Total |   1585 |   1532 |     53 |      0 |   1119 |   4 |  396.2 |
       Dungeon |   1585 |   1532 |     53 |      0 |   1119 |   4 |  396.2 |
               +--------+--------+--------+--------+--------+-----+--------+

Top non-repeatable levels by time:
     D:3: 539 daAuts
     D:1: 526 daAuts
     D:2: 486 daAuts
     D:4: 33 daAuts
